Map: Oblivion Express

Players

Odin

  • Race: Protoss Protoss
  • League: Gold
  • Spawn Location: 12:00

CtrlZ

  • Race: Protoss Protoss
  • Spawn Location: 0:00

VOD

Have the link to the VOD?

Description

Time

  • Played on: Dec. 16, 2018, 6:49 a.m.
  • Length: 26:52
Show
View Real Time Build Order
Export as new Build Order

Odin Protoss 

Build Orders:  

Get SALT Encoding   

  12  0:03  Probe (Chrono Boost)  
  13  0:27  Gateway  
  13  0:37  Probe (Chrono Boost)  
  14  0:56  Pylon  
  14  1:02  Probe (Chrono Boost), Assimilator  
  15  1:17  Probe (Chrono Boost)  
  16  1:25  Assimilator  
  16  1:29  Probe (Chrono Boost)  
  17  1:33  Cybernetics Core  
  17  1:41  Probe (Chrono Boost)  
  18  1:53  Probe (Chrono Boost)  
  19  2:05  Probe (Chrono Boost)  
  19  2:09  Gateway  
  20  2:21  Probe (Chrono Boost)  
  20  2:28  Dragoon  
  23  2:40  Dragoon  
  25  2:56  Probe (Chrono Boost)  
  26  3:09  Probe (Chrono Boost)  
  27  3:35  Nexus  
  27  3:55  Probe (Chrono Boost)  
  28  4:03  Stargate  
  28  4:07  Probe (Chrono Boost)  
  28  4:09  Zealot  
  31  4:16  Zealot  
  33  4:24  Probe (Chrono Boost)  
  34  4:42  Probe (Chrono Boost)  
  35  4:54  Probe (Chrono Boost)  
  35  4:57  Twilight Council  
  36  5:03  Stargate  
  36  5:27  Probe (Chrono Boost)  
  36  5:29  Probe (Chrono Boost)  
  38  5:39  Probe (Chrono Boost)  
  39  5:41  Probe (Chrono Boost)  
  40  5:51  Probe (Chrono Boost)  
  40  5:54  Probe (Chrono Boost)  
  40  5:59  Charge  
  42  6:03  Probe (Chrono Boost)  
  43  6:15  Probe (Chrono Boost)  
  44  6:59  Whirlwind  
  44  7:01  Probe (Chrono Boost)  
  44  7:02  Probe (Chrono Boost)  
  44  7:08  Assimilator  
  46  7:13  Assimilator  
  46  7:14  Probe x2 (Chrono Boost)  
  46  7:15  Phoenix x2  
  46  7:16  Phoenix x2  
  56  7:26  Probe x2 (Chrono Boost)  
  58  7:45  Probe x2 (Chrono Boost)  
  60  7:57  Probe x2 (Chrono Boost)  
  62  8:05  Phoenix  
  62  8:06  Phoenix  
  62  8:09  Probe (Chrono Boost)  
  50  8:10  Probe (Chrono Boost)  
  68  8:26  Fleet Beacon  
  68  8:28  Forge  
  68  8:31  Gateway  
  68  8:34  Forge  
  68  8:35  Forge  
  68  9:05  Zealot x2  
  68  9:06  Zealot x4  
  80  9:24  Cybernetics Core  
  80  9:51  Tempest  
  80  9:52  Tempest x2  
  92  10:08  Tempest  
  96  10:44  Gateway  
  96  10:48  Gateway  
  96  10:50  Gateway  
  96  10:53  Robotics Facility  
  96  11:02  Protoss Ground Weapons Level 1, Protoss Shields Level 1, Protoss Ground Armor Level 1  
  96  11:10  Zealot x4  
  104  11:27  Protoss Air Weapons Level 1, Protoss Air Armor Level 1  
  104  12:09  Zealot x2  
  104  12:10  Zealot x3  
  104  12:11  Zealot x5  
  104  12:12  Zealot  
  120  12:45  Anion Pulse-Crystals  
  120  13:00  Observer  
  120  13:08  Observer  
  118  13:38  Dragoon x2  
  118  13:39  Dragoon  
  124  13:41  Dragoon  
  102  14:15  Double Graviton Beam  
  102  14:17  Tempest  
  102  14:18  Tempest x2  
  110  14:21  Zealot x3  
  110  14:22  Zealot x6  
  88  15:19  Protoss Shields Level 2, Protoss Ground Weapons Level 2, Protoss Ground Armor Level 2  
  85  16:20  Probe (Chrono Boost)  
  85  16:32  Probe (Chrono Boost)  
  73  17:00  Probe (Chrono Boost)  
  73  17:08  Tempest  
  73  17:09  Tempest x3  
  90  17:12  Zealot  
  90  17:13  Zealot x7  
  90  17:14  Zealot x7  
  90  17:15  Zealot x2  
  121  18:11  Zealot  
  105  18:31  Dragoon x5  
  105  18:32  Dragoon x4  
  105  18:33  Dragoon x3  
  99  19:02  Singularity Charge  
  100  19:10  Probe (Chrono Boost)  
  100  19:21  Zealot  
  100  19:22  Zealot  
  100  19:23  Zealot  
  106  19:45  Pylon  
  106  19:49  Photon Cannon  
  106  19:50  Photon Cannon  
  106  19:57  Photon Cannon  
  106  20:01  Trillic Compresion Mesh  
  106  20:05  Photon Cannon  
  106  20:08  Photon Cannon x2  
  106  20:13  Photon Cannon  
  104  20:44  Tempest x2  
  104  20:45  Tempest  
  110  21:00  Dragoon x2  
  110  21:02  Dragoon  
  104  22:22  Tempest  
  104  22:23  Tempest x3  
  120  22:44  Dragoon x2  
  120  22:45  Dragoon  
  100  23:19  Protoss Air Weapons Level 2  
  100  23:36  Protoss Air Armor Level 2  
  100  24:00  Zealot x6  
  100  24:01  Zealot x6  
  116  24:36  Photon Cannon  
  116  24:38  Photon Cannon  
  110  24:41  Photon Cannon  
  105  25:24  Tempest x3  
  117  25:40  Zealot x3  
  117  25:41  Zealot x7  
  117  25:42  Zealot  
  139  26:19  Zealot x3  
  145  26:20  Zealot x5  
Show
View Real Time Build Order
Export as new Build Order

CtrlZ Protoss 

Build Orders:  

Get SALT Encoding   

  12  0:12  Probe (Chrono Boost)  
  13  0:26  Probe (Chrono Boost), Pylon  
  15  0:41  Probe (Chrono Boost)  
  15  0:49  Assimilator  
  15  0:56  Probe (Chrono Boost)  
  16  1:09  Gateway  
  16  1:14  Probe (Chrono Boost)  
  17  1:21  Assimilator  
  17  1:28  Probe (Chrono Boost)  
  18  1:44  Probe (Chrono Boost)  
  19  1:51  Pylon  
  19  1:58  Probe (Chrono Boost)  
  21  2:10  Pylon  
  21  2:12  Probe (Chrono Boost)  
  21  2:26  Probe (Chrono Boost)  
  21  2:29  Forge  
  22  2:37  Pylon  
  22  2:42  Cybernetics Core  
  22  2:49  Probe (Chrono Boost)  
  23  3:09  Probe (Chrono Boost)  
  24  3:22  Probe (Chrono Boost)  
  25  3:33  Nexus  
  25  3:48  Warp Gate  
  25  3:56  Gateway  
  25  3:58  Probe (Chrono Boost)  
  27  4:11  Probe (Chrono Boost)  
  27  4:33  Protoss Air Weapons Level 1, Protoss Ground Weapons Level 1  
  27  4:45  Pylon  
  27  4:49  Probe (Chrono Boost)  
  28  5:00  Death Council  
  28  5:06  Gateway  
  28  5:13  Pylon  
  29  5:21  Probe (Chrono Boost)  
  29  5:35  Probe (Chrono Boost)  
  29  5:37  Supplicant x2  
  29  5:40  Supplicant x2  
  38  5:49  Probe (Chrono Boost)  
  39  5:52  Assimilator  
  39  6:03  Probe (Chrono Boost)  
  39  6:09  Cloaking Module  
  40  6:17  Probe (Chrono Boost)  
  41  6:28  Gateway  
  41  6:34  Gateway  
  41  7:00  Protoss Air Armor Level 1, Protoss Ground Armor Level 1  
  41  7:04  Probe (Chrono Boost)  
  41  7:08  Bloodshard Resonance  
  42  7:11  Assimilator  
  42  7:18  Probe (Chrono Boost)  
  43  7:28  Ascendant Archives  
  44  7:32  Probe (Chrono Boost)  
  44  7:46  Probe (Chrono Boost)  
  45  7:50  Blood Shields  
  49  8:00  Probe (Chrono Boost)  
  46  8:08  Forge  
  46  8:13  Probe (Chrono Boost)  
  47  8:25  Havoc x2  
  47  8:26  Supplicant x2  
  47  8:27  Supplicant x2  
  47  8:28  Supplicant x2  
  61  8:38  Detect Weakness  
  62  8:41  Probe (Chrono Boost)  
  62  8:55  Probe (Chrono Boost)  
  62  8:59  Telekinesis  
  63  9:09  Probe (Chrono Boost)  
  64  9:23  Imposing Presence  
  64  9:54  Probe (Chrono Boost)  
  65  10:08  Probe (Chrono Boost)  
  66  10:19  Protoss Air Weapons Level 2, Protoss Ground Weapons Level 2  
  66  10:22  Probe (Chrono Boost)  
  66  10:29  Protoss Shields Level 1  
  67  10:36  Probe (Chrono Boost)  
  69  10:50  Probe (Chrono Boost)  
  69  10:58  Mind Blast  
  69  11:04  Probe (Chrono Boost)  
  69  11:07  Ascendant  
  69  11:08  Ascendant x2  
  69  11:09  Ascendant  
  78  11:24  Probe (Chrono Boost)  
  77  11:33  Pylon x2  
  77  11:35  Pylon  
  77  11:36  Pylon  
  77  11:37  Pylon  
  77  11:38  Probe (Chrono Boost)  
  78  11:56  Pylon x2  
  78  12:00  Pylon  
  78  12:02  Pylon  
  78  12:04  Pylon  
  78  12:05  Pylon  
  78  12:06  Pylon  
  78  12:09  Pylon  
  78  12:12  Pylon  
  78  12:13  Pylon  
  78  12:15  Pylon  
  78  12:16  Pylon  
  78  12:50  Mothership  
  70  13:38  Ascendant x2  
  70  13:39  Ascendant  
  76  13:41  Supplicant x2  
  76  13:42  Supplicant x2  
  78  14:18  Ascendant  
  78  14:19  Ascendant  
  82  14:31  Gateway  
  82  14:33  Gateway  
  82  14:34  Gateway  
  82  14:38  Protoss Air Armor Level 2, Protoss Ground Armor Level 2  
  82  15:03  Ascendant  
  82  15:04  Supplicant x2  
  82  15:06  Ascendant  
  58  16:09  Havoc  
  55  16:10  Ascendant  
  55  16:11  Ascendant  
  55  16:12  Supplicant x2  
  59  16:47  Ascendant x2  
  59  16:48  Ascendant  
  65  17:13  Havoc  
  65  17:16  Havoc  
  65  17:18  Supplicant x4  
  75  17:20  Ascendant  
  76  18:03  Pylon  
  76  18:13  Protoss Ground Weapons Level 3, Protoss Air Weapons Level 3  
  64  18:51  Supplicant x2  
  64  18:52  Supplicant x2  
  64  18:53  Supplicant x4  
  64  18:54  Supplicant x2  
  64  18:55  Supplicant x2  
  64  18:56  Ascendant  
  64  18:58  Ascendant  
  84  19:34  Mothership  
  84  19:39  Ascendant  
  86  19:40  Ascendant  
  86  19:41  Supplicant x2  
  86  19:42  Supplicant x2  
  86  19:43  Supplicant x2  
  60  20:10  Slayer x2  
  60  20:11  Slayer x2  
  60  20:12  Slayer  
  68  20:30  Havoc x2  
  68  20:33  Protoss Air Armor Level 3, Protoss Ground Armor Level 3  
  67  20:49  Pylon  
  68  21:14  Probe (Chrono Boost)  
  68  21:16  Slayer x2  
  68  21:17  Slayer x2  
  68  21:18  Protoss Shields Level 2, Havoc  
  68  21:19  Havoc  
  78  21:26  Slayer x2  
  83  21:31  Probe (Chrono Boost)  
  81  21:48  Probe (Chrono Boost)  
  81  22:05  Probe (Chrono Boost)  
  79  22:50  Slayer  
  79  22:51  Slayer x2  
  79  22:52  Slayer x2  
  79  22:53  Slayer x2  
  79  22:54  Havoc  
  94  23:18  Phasing Armor  
  94  23:25  Supplicant x4  
  94  23:26  Slayer  
  94  23:27  Slayer  
  94  23:28  Slayer, Supplicant x2  
  94  23:29  Supplicant x2  
  116  23:32  Havoc  
  115  24:21  Mothership  
  116  24:41  Probe (Chrono Boost)  
  116  24:43  Slayer  
  116  24:44  Slayer x2  
  116  24:45  Slayer  
  116  24:46  Slayer  
  116  24:47  Slayer  
  116  24:48  Slayer  
  116  24:49  Slayer  
  130  24:58  Probe (Chrono Boost)  
  122  25:15  Probe (Chrono Boost)  
  120  25:36  Pylon  
  120  25:41  Slayer x2  
  120  25:42  Slayer  
  120  25:43  Slayer x2  
  120  25:45  Havoc  
  120  25:48  Havoc  
Tags
 
Add a new tag
Caveats
  • Supply blocks, unpowered buildings, or Contaminate may cause inaccurate times.
  • Supply counts are checked every 10 seconds.